 Dungeon Crawl Stone Soup version 0.28.0 (webtiles) character file.

Game seed: 13136143896013865648

144 Ajdolov the Digger (level 5, 0/31 HPs)
             Began as an Octopode Earth Elementalist on Feb 12, 2022.
             Shot with a stone by a goblin (4 damage)
             ... on level 3 of the Dungeon.
             The game lasted 00:03:36 (2546 turns).

Ajdolov the Digger (Octopode Earth Elementalist)    Turns: 2546, Time: 00:03:36

Health: 0/31       AC:  1    Str:  7    XL:     5   Next: 27%
Magic:  8/8        EV: 13    Int: 19    God:
Gold:   173        SH:  0    Dex: 13    Spells: 4/8 levels left

rFire   . . .      SeeInvis .   l - +4 trident
rCold   . . .      Faith    .   (no shield)
rNeg    . . .      Spirit   .   (helmet restricted)
rPois   .          Reflect  .   (no amulet)
rElec   .          Harm     .   d - ring of resist corrosion
rCorr   +          Rampage  .   (no ring)
Will    .....                   (no ring)
Stlth   +++.......              (no ring)
HPRegen 0.10/turn               (no ring)
MPRegen 0.11/turn               (no ring)
                                (no ring)
                                (no ring)

@: no status effects
A: almost no armour, amphibious, 8 rings, camouflage 1, gelatinous body 1,
(nimble swimmer 1), tentacles
a: no special abilities


You were on level 3 of the Dungeon.
You visited 1 branch of the dungeon, and saw 3 of its levels.

You collected 173 gold pieces.

Inventory:

Hand Weapons
 l - a +4 trident (weapon)
Missiles
 b - 96 stones
Jewellery
 d - a ring of resist corrosion (left tentacle)
Scrolls
 a - a scroll of noise {unknown}
 c - a scroll of identify {unknown}
 e - a scroll of fear {unknown}
 f - 2 scrolls of enchant armour {unknown}
 g - a scroll of brand weapon {unknown}
 i - a scroll of enchant weapon {unknown}
Potions
 h - a potion of heal wounds {unknown}
 j - 2 potions of cancellation {unknown}
 k - 2 potions of resistance {unknown}
 m - a potion of mutation {unknown}
 n - a potion of lignification {unknown}


   Skills:
 - Level 2.0 Dodging
 - Level 2.6 Stealth
 - Level 2.0 Spellcasting
 * Level 2.4 Conjurations
 - Level 1.0 Transmutations
 * Level 5.1 Earth Magic


You had 4 spell levels left.
You knew the following spells:

 Your Spells              Type           Power      Damage    Failure   Level
a - Sandblast             Erth           42%        2d11      1%          1
b - Stone Arrow           Conj/Erth      32%        3d9       11%         3

Your spell library contained the following spells:

 Spells                   Type           Power      Damage    Failure   Level
 Passwall                 Tmut/Erth      10%        N/A       8%          2
 Petrify                  Tmut/Erth      13%        N/A       43%         4


Dungeon Overview and Level Annotations

Branches:
Dungeon (3/15)

Altars:

Shops:
D:1 ?


Innate Abilities, Weirdness & Mutations

You cannot wear most types of armour.
You are amphibious.
You can wear up to eight rings at the same time.
Your skin changes colour to match your surroundings (Stealth+).
Your rubbery body absorbs attacks. (AC +1, EV +1)
((You are camouflaged when in or above water. (Stealth+)))
You have tentacles for arms and can constrict up to eight enemies at once.


Message History

You kill the goblin!
The goblin shoots a stone.
The stone misses you.
The goblin unwields a +4 dagger.
The goblin wields a +0 hunting sling.
The goblin shoots a stone.
The stone closely misses you.
The goblin shoots a stone.
The stone barely misses you.
The goblin shoots a stone.
The stone misses you.
The goblin shoots a stone.
The stone barely misses you.
The goblin shoots a stone.
The stone hits you.
You reach to attack!
You barely miss the goblin.
The goblin shoots a stone.
The stone barely misses you.
The goblin shoots a stone.
The stone hits you.
You reach to attack!
You closely miss the goblin.
The goblin shoots a stone.
The stone barely misses you.
The goblin shoots a stone.
The stone hits you.
You reach to attack!
You miss the goblin.
The goblin shoots a stone.
The stone closely misses you.
The goblin shoots a stone.
The stone hits you but does no damage.
The goblin shoots a stone.
The stone hits you.
The goblin shoots a stone.
The stone barely misses you.
The goblin shoots a stone.
The stone misses you.
The goblin shoots a stone.
The stone hits you.
You are too injured to fight recklessly!
The goblin shoots a stone.
The stone hits you.
* * * LOW HITPOINT WARNING * * *
The goblin shoots a stone.
The stone hits you but does no damage.
The goblin shoots a stone.
The stone closely misses you.
Press: ? - help, v - describe, . - travel, g - get item
Here: a goblin, wielding a +0 hunting sling and quivering stones
Items here: ))) †.
The floor, spattered with blood.
Unknown command.
The goblin shoots a stone.
The stone barely misses you.
The goblin shoots a stone.
The stone hits you.
* * * LOW HITPOINT WARNING * * *
The goblin shoots a stone.
The stone hits you.
* * * LOW HITPOINT WARNING * * *
The goblin shoots a stone.
The stone closely misses you.
The goblin shoots a stone.
The stone closely misses you.
The goblin shoots a stone.
The stone hits you.
* * * LOW HITPOINT WARNING * * *
The goblin shoots a stone.
The stone hits you.
You die...

####...###########gO.#
#..............# #####
#.##...#.......# #...#
#.###.##.......# #.###
#...#..........# #.#
#.#.#.###gg....# #.# #...#.#
#......# #.# ##.##.###......#
#.# #.##....@###.## #.####
#.####.#.....# #....# #.#
#.####### ####.####
######.####.####### #.......#
#.................# #.##.##.#
###.#####.###.....#.####.##.##.#
##.....###.#
##.#†.>..........>.#
........##.# #.##.#.####.##.##.#
##.#.#..##.# #.##.#.# #.##.##..


You could see 2 goblins.

Vanquished Creatures
  An orc priest (D:3)
  A bullfrog skeleton (D:3)
  3 adders
  A dart slug (D:2)
  4 orcs
  9 endoplasms
  A giant cockroach (D:3)
  6 goblins
  7 hobgoblins
  3 kobolds
  2 ball pythons (D:3)
  5 bats
  4 frilled lizards
  3 rats
50 creatures vanquished.

Notes
Turn   | Place    | Note
-------+----------+-------------------------------------------
     0 | D:1      | Ajdolov the Octopode Earth Elementalist began the quest for
                  | the Orb.
     0 | D:1      | Reached XP level 1. HP: 11/11 MP: 3/3
   151 | D:1      | Found Feugi's Magic Scroll Boutique.
   301 | D:1      | Reached XP level 2. HP: 17/17 MP: 5/5
   855 | D:2      | Reached skill level 4 in Earth Magic
   976 | D:2      | Reached XP level 3. HP: 21/21 MP: 3/6
   980 | D:2      | Learned a level 3 spell: Stone Arrow
  1150 | D:2      | Found a faded altar of an unknown god.
  1511 | D:3      | Reached skill level 1 in Conjurations
  1610 | D:3      | Reached XP level 4. HP: 18/27 MP: 4/7
  2037 | D:3      | Reached skill level 5 in Earth Magic
  2037 | D:3      | Reached XP level 5. HP: 31/31 MP: 5/8
  2503 | D:3      | Noticed an ogre
  2546 | D:3      | Shot with a stone by a goblin

Illustrated notes

Levels and vault maps discovered:
D:1:      eino_arrival_cavern_e, layout_loops_ring, serial_shops,
          nicolae_square_shop
D:2:      layout_basic, shapermc_ecumenical_altar_notcrosses
D:3:      layout_loops_cross, hangedman_decor_growths, minmay_ogre_servants

Skill      XL: |  1  2  3  4 |
---------------+-------------+-----
Earth Magic    | 4 5 |  5.1
Conjurations   | 1 2 |  2.4
Dodging        | |  2.0
Stealth        | |  2.6
Spellcasting   | |  2.0
Transmutations | |  1.0

Action                   |  1- 3 |  4- 6 || total
-------------------------+-------+-------++-------
Melee: Unarmed           |     3 |       ||     3
       Dagger            |    25 |    13 ||    38
       Constrict         |    10 |     4 ||    14
       Tentacles         |     4 |     5 ||     9
       Trident           |       |    23 ||    23
 Cast: Sandblast         |    26 |     3 ||    29
 Stab: Sleeping          |     8 |     6 ||    14
Armor: Skin              |       |     2 ||     2
Dodge: Dodged            |    14 |    22 ||    36
